 Dungeon Crawl Stone Soup version 0.25-a0-362-g90ccd6aac3 (console) character file.

Game seed: 6567492498218445415, levelgen mode: deterministic

60 Kagalorn the Bolt Thrower (level 4, -6/38 HPs)
             Began as a Naga Arcane Marksman on Jan 4, 2020.
             Mangled by an orc
             ... wielding a +0 trident
              (9 damage)
             ... on level 2 of the Dungeon.
             The game lasted 00:04:46 (2417 turns).

Kagalorn the Bolt Thrower (Naga Arcane Marksman)    Turns: 2417, Time: 00:04:47

Health: -6/38      AC:  2    Str: 12    XL:     4   Next: 4%
Magic:  5/5        EV: 10    Int: 14    God:
Gold:   44         SH:  0    Dex: 12    Spells: 4/5 levels left

rFire    . . .     SeeInvis +   b - +0 rapier
rCold    . . .     Gourm    .   (no shield)
rNeg     . . .     Faith    .   e - +0 robe
rPois    +         Spirit   .   (no helmet)
rElec    .         Reflect  .   (no cloak)
rCorr    .         Harm     .   (no gloves)
MR       .....                  (no barding)
Stlth    +.........             (no amulet)
HPRegen  0.12/turn              (no ring)
MPRegen  0.09/turn              (no ring)

@: very slow
A: large, see invisible, deformed body, poison resistance, slowness 2, slow
metabolism 1, spit poison 1, AC +1
a: Spit Poison


You were on level 2 of the Dungeon.
You were very hungry.

You visited 1 branch of the dungeon, and saw 2 of its levels.

You collected 44 gold pieces.

Inventory:

Hand Weapons
 a - a +0 hand crossbow
 b - a +0 rapier (weapon)
Missiles
 d - 20 bolts
 g - 20 arrows
 i - a throwing net (quivered)
Armour
 e - a +0 robe (worn)
Scrolls
 k - a scroll of remove curse {unknown}
Potions
 c - a potion of magic {unknown}
 h - a potion of berserk rage {unknown}
 j - a potion of brilliance {unknown}
 l - a potion of invisibility {unknown}
 n - a potion of degeneration {unknown}
Comestibles
 f - 3 rations


   Skills:
 - Level 1.0 Fighting
 * Level 3.8 Crossbows
 - Level 1.5 Dodging
 - Level 1.0 Spellcasting
 - Level 3.0 Hexes


You had 4 spell levels left.
You knew the following spells:

 Your Spells              Type           Power        Failure   Level  Hunger
a - Corona                Hex            #......      8%          1    ##.....

Your spell library contained the following spells:

 Spells                   Type           Power        Failure   Level  Hunger
 Slow                     Hex            #.......     12%         2    ###....
 Inner Flame              Hex/Fire       #.......     38%         3    ####...
 Portal Projectile        Hex/Tloc       #.....       38%         3    ####...
 Cause Fear               Hex            #.........   58%         4    #####..
 Leda's Liquefaction      Hex/Erth       #.........   80%         4    #####..


Dungeon Overview and Level Annotations

Branches:
Dungeon (2/15)

Altars:


Innate Abilities, Weirdness & Mutations

You cannot wear boots.
Your serpentine skin is tough. (AC +1)
You have supernaturally acute eyesight. (SInv)
Armour fits poorly on your strangely shaped body.
Your system is resistant to poisons. (rPois)
You cover ground very slowly.
You have a slow metabolism.
You can spit poison.


Message History

The net rips apart, and the orc wizard comes free!
The orc closely misses you.
The orc hits you from afar with a +0 trident!
* * * LOW HITPOINT WARNING * * *
You hit the orc wizard.
The orc wizard is almost dead.
The orc wizard hits you with a +0 dagger.
* * * LOW HITPOINT WARNING * * *
The orc barely misses you. The orc hits you but does no damage.
The orc wizard hits you but does no damage.
You barely miss the orc wizard.
The orc wizard is almost dead.
The orc wizard hits you but does no damage.
The orc barely misses you. x2
You closely miss the orc wizard.
The orc wizard is almost dead.
The orc wizard looks encouraged for a moment. x2
The orc closely misses you.
The orc hits you from afar with a +0 trident!
You die...

...PP #.##.o# ..
#.##o####.#
#.#.o.....#
#.#......##
#.#......#
#.#s.....#
#.#......#
#@#......##
#ooo......#
###.......#
#.......#
######...###.#
............)#
##........#######
+...............
#........###########


You could see an orc wizard and 2 orcs.

Vanquished Creatures
  3 oozes (D:1)
  2 dart slugs (D:1)
  2 leopard geckos (D:1)
  An orc (D:2)
  5 giant cockroaches
  2 goblins (D:1)
  4 hobgoblins (D:1)
  4 jackals (D:1)
  7 bats
  A frilled lizard (D:1)
  5 kobolds (D:1)
  3 rats (D:1)
39 creatures vanquished.

Notes
Turn   | Place    | Note
-------+----------+-------------------------------------------
     0 | D:1      | Kagalorn the Naga Arcane Marksman began the quest for the
                  | Orb.
     0 | D:1      | Reached XP level 1. HP: 18/18 MP: 2/2
   487 | D:1      | Reached XP level 2. HP: 11/25 MP: 3/3
  1230 | D:1      | Reached XP level 3. HP: 22/31 MP: 4/4
  2405 | D:2      | Reached XP level 4. HP: 33/38 MP: 5/5
  2417 | D:2      | Mangled by an orc

Levels and vault maps discovered:
D:1:      zaba_arrival_water, layout_loops_corners, solitary_fountain
D:2:      layout_basic, lemuel_coloured_pillars_altar,
          overflow_temple_1_default, eat_drink_and_be_merry_uskayaw,
          elyvilon_altar_5, guppyfry_early_lair_pool, uniq_robin, uniq_jessica,
          uniq_sigmund

Skill      XL: |  1  2 |
---------------+-------+-----
Crossbows      | 2 3 |  3.8
Fighting       | |  1.0
Dodging        | |  1.5
Spellcasting   | |  1.0
Hexes          | |  3.0

Action                   |  1- 3 |  4- 6 || total
-------------------------+-------+-------++-------
Melee: Unarmed           |    41 |       ||    41
       Whip              |    86 |       ||    86
       Short sword       |    82 |       ||    82
       Rapier            |     3 |    11 ||    14
Throw: Throwing net      |       |     1 ||     1
  Eat: Chunk             |     2 |       ||     2
Armor: Robe              |    46 |     2 ||    48
Dodge: Dodged            |   167 |    16 ||   183

Table legend:
 A = Non-vault XP
 B = Vault XP
 C = Vault XP percentage of total XP
 D = Non-vault monster count
 E = Vault monster count
 F = Vault count percentage of total count
                 A         B        C        D         E       F
            +---------+---------+-------+---------+---------+-------
      Total |      86 |       0 |   0.0 |      39 |       0 |   0.0
            +---------+---------+-------+---------+---------+-------
        D:1 |      77 |       0 |   0.0 |      35 |       0 |   0.0
        D:2 |       9 |       0 |   0.0 |       4 |       0 |   0.0
            +---------+---------+-------+---------+---------+-------
